 Dungeon Crawl Stone Soup version 0.19-a0-1223-gf83d13a (webtiles) character file.

2459 dorian the Carver (level 9, -5/48 HPs)
             Began as a High Elf Skald on Aug 24, 2016.
             Was a Believer of Hepliaklqana.
             Shot with an arrow by a centaur (11 damage)
             ... on level 6 of the Dungeon.
             The game lasted 00:12:00 (6394 turns).

dorian the Carver (High Elf Skald)                  Turns: 6394, Time: 00:12:01

Health: -5/48      AC:  5    Str: 11    XL:     9   Next: 26%
Magic:  13/13      EV: 15    Int: 18    God:    Hepliaklqana [**....]
Gold:   328        SH:  0    Dex: 17    Spells: 3 memorised, 7 levels left

rFire  . . .     SeeInvis .     E - +0 scimitar (slice)
rCold  . . .     Gourm    .     o - +0 leather armour {rN+}
rNeg   + . .     Faith    .     (no shield)
rPois  .         Spirit   .     s - +0 helmet
rElec  .         Dismiss  .     p - +0 cloak
rCorr  +         Reflect  .     (no gloves)
MR     .....     Harm     .     (no boots)
Stlth  +.........               (no amulet)
                                (no ring)
                                A - ring of resist corrosion

@: no status effects
A: no striking features
a: Ancestor Life: Knight, Ancestor Life: Battlemage, Ancestor Life: Hexer,
Recall Ancestor, Ancestor Identity, Renounce Religion


You were on level 6 of the Dungeon.
You worshipped Hepliaklqana.
Hepliaklqana was pleased with you.
You were not hungry.

You visited 2 branches of the dungeon, and saw 7 of its levels.

You collected 328 gold pieces.

Inventory:

Hand Weapons
 a - a +0 falchion
 x - a +2 short sword of electrocution
 E - a +0 scimitar of slicing (weapon)
Missiles
 e - 10 tomahawks (quivered)
Armour
 b - a +0 leather armour
 o - a +0 leather armour of positive energy (worn)
 p - a +0 cloak (worn)
 s - a +0 helmet (worn)
Jewellery
 q - an uncursed ring of fire
 A - a ring of resist corrosion (left hand)
 B - an uncursed ring of fire
Wands
 y - a wand of slowing (24/48)
Scrolls
 j - 4 scrolls of remove curse {unknown}
 k - 3 scrolls of amnesia {unknown}
 t - 3 scrolls of teleportation {unknown}
 u - 4 scrolls of identify {unknown}
 D - a scroll of summoning {unknown}
 I - a scroll of blinking {unknown}
Potions
 h - 2 potions of degeneration {unknown}
 i - a potion of brilliance {unknown}
 l - 3 potions of magic {unknown}
 m - a potion of invisibility {unknown}
 n - 2 potions of curing
 r - 3 potions of flight
 v - a potion of resistance {unknown}
 w - a potion of cure mutation {unknown}
 z - 2 potions of berserk rage {unknown}
 F - a potion of agility {unknown}
 H - 2 potions of lignification {unknown}
Books
 c - a book of Battle

   Spells                             Type                      Level
   a - Infusion                       Charms                       1
   b - Shroud of Golubria             Charms/Translocation         2
   c - Song of Slaying                Charms                       2
   d - Spectral Weapon                Hexes/Charms                 3
   e - Regeneration                   Charms/Necromancy            3
 C - a book of Transfigurations

   Spells                             Type                      Level
   a - Irradiate                      Conjuration/Transmutation    5
   b - Statue Form                    Transmutation/Earth          6
   c - Hydra Form                     Transmutation                6
   d - Dragon Form                    Transmutation                7
Comestibles
 d - 4 bread rations
 f - 2 beef jerkies
 g - 3 meat rations


   Skills:
 - Level 2.0 Fighting
 * Level 11.3 Long Blades
 - Level 0.8 Armour
 + Level 5.4 Dodging
 - Level 2.4 Spellcasting
 + Level 8.8 Charms


You had 7 spell levels left.
You knew the following spells:

 Your Spells              Type           Power        Failure   Level  Hunger
a - Infusion              Chrm           ####         1%          1    #......
b - Shroud of Golubria    Chrm/Tloc      ###.......   6%          2    ##.....
c - Song of Slaying       Chrm           ####....     1%          2    ##.....


Dungeon Overview and Level Annotations

Branches:
Dungeon (6/15)             Temple (1/1) D:4

Altars:
Ashenzari
Cheibriados
Dithmenos
Hepliaklqana
Kikubaaqudgha
Makhleb
Nemelex Xobeh
Qazlal
Ru
Uskayaw
Yredelemnul
The Shining One


Message History

The centaur shouts!
The centaur wields a shortbow.
The centaur shoots an arrow.
The arrow misses you.
The centaur shoots an arrow.
The arrow hits you!
You see here 2 arrows.
The giant frog misses you.
You riposte.
You slash the giant frog!
The giant frog is almost dead.
The centaur shoots an arrow.
The arrow hits you. The giant frog barely misses you.
You riposte.
You hit the giant frog.
You kill the giant frog!
You see here an arrow.
The centaur shoots an arrow.
The arrow hits you!
* * * LOW HITPOINT WARNING * * *
You see here an arrow.
You are too injured to fight recklessly!
You are too injured to fight recklessly!
You are too injured to fight recklessly!
The centaur shoots an arrow.
The arrow hits you.
* * * LOW HITPOINT WARNING * * *
The centaur shoots an arrow.
The arrow hits you!
You die...

#....# #.#....#....# #....#
#.##.###....# ###....# ###
#.##.#######. ..#....#
..#..#....'....... ..#....#
#.#..#....#....... ###....#
#.#..##..###..##.. .......#
#c#..###'###..###' .......#
#.#..#.R.#....#... .......#
.######@#..#...#..|.#... .......#
.......R#..#...#....#... .......#
......†((..#...#....#... .....###
#########'############.. .....#
#####..##.......##.. .....#
.........#.......#... ###..#
.........')......#... .⌠#..####
###########.......####
..#.....####..>......R.#+##......


You could see the friendly Ramose the ancestor and a centaur.

Vanquished Creatures
  Grinder (D:6)
  The ghost of Duffy the Shield-Bearer, an amateur MiFi (D:5)
  Menkaure (D:5)
  Edmund (D:5)
  An ice beast (D:6)
  3 ogres
  A necrophage (D:5)
  3 giant frogs
  Blork the orc (D:5)
  5 scorpions
  2 howler monkeys (D:6)
  4 crimson imps
  A centaur zombie (D:5)
  A quasit (D:5)
  2 orc priests
  A jelly (D:5)
  2 hounds (D:5)
  A centaur skeleton (D:6)
  4 orc wizards
  A giant frog skeleton (D:4)
  2 iguanas (D:6)
  A howler monkey zombie (D:6)
  A howler monkey skeleton (D:4)
  3 gnolls (D:5)
  8 adders
  A shadow imp (D:6)
  An ooze (D:3)
  A dart slug (D:2)
  2 giant geckos
  22 orcs
  3 ball pythons
  3 giant cockroaches
  8 goblins
  8 hobgoblins
  8 kobolds
  A quokka (D:4)
  7 bats
  7 giant newts
  A jackal skeleton (D:4)
  8 rats
133 creatures vanquished.

Vanquished Creatures (collateral kills)
  A centaur skeleton (D:4)
  An orc priest (D:5)
  A gnoll (D:5)
  2 orcs
5 creatures vanquished.

Vanquished Creatures (others)
  A human (D:3)
  An ancestor (D:5)
2 creatures vanquished.

Grand Total: 140 creatures vanquished

Notes
Turn   | Place    | Note
-------+----------+-------------------------------------------
     0 | D:1      | dorian the High Elf Skald began the quest for the Orb.
     0 | D:1      | Reached XP level 1. HP: 14/14 MP: 4/4
   168 | D:1      | Reached skill level 3 in Long Blades
   258 | D:1      | Reached XP level 2. HP: 18/19 MP: 6/6
  1091 | D:2      | Reached XP level 3. HP: 22/24 MP: 7/7
  1234 | D:2      | Reached skill level 4 in Long Blades
  1264 | D:2      | Found a hide-covered altar of Uskayaw.
  1267 | D:2      | Found a sacrificial altar of Ru.
  1865 | D:3      | Reached XP level 4. HP: 28/29 MP: 2/8
  1947 | D:3      | Reached skill level 5 in Long Blades
  2007 | D:3      | Reached XP level 5. HP: 29/34 MP: 1/9
  2393 | D:3      | Found an ancient bone altar of Kikubaaqudgha.
  2403 | D:3      | Noticed a human
  2405 | D:3      | Killed a human
  2434 | D:3      | Found a snail-covered altar of Cheibriados.
  2530 | D:4      | Learned a level 2 spell: Shroud of Golubria
  2533 | D:4      | Learned a level 2 spell: Song of Slaying
  2573 | D:4      | Reached skill level 6 in Long Blades
  2573 | D:4      | Reached skill level 5 in Charms
  2718 | D:4      | Reached XP level 6. HP: 26/39 MP: 3/10
  3157 | D:4      | Reached skill level 7 in Long Blades
  3351 | D:4      | Found a glowing golden altar of the Shining One.
  3450 | D:4      | Found a staircase to the Ecumenical Temple.
  3462 | Temple   | Entered the Ecumenical Temple
  3537 | Temple   | Became a worshipper of Hepliaklqana
  3933 | D:5      | Entered Level 5 of the Dungeon
  3956 | D:5      | Reached skill level 8 in Long Blades
  3956 | D:5      | Reached XP level 7. HP: 40/40 MP: 5/11
  3973 | D:5      | Found a sparkling altar of Nemelex Xobeh.
  4047 | D:5      | Noticed Duffy's ghost (amateur MiFi)
  4055 | D:5      | Killed Duffy's ghost
  4184 | D:5      | Noticed Menkaure
  4191 | D:5      | Killed Menkaure
  4191 | D:5      | Reached skill level 9 in Long Blades
  4191 | D:5      | Reached XP level 8. HP: 43/45 MP: 5/12
  4387 | D:5      | HP: 2/45 [gnoll/spear (8)]
  4790 | D:5      | Noticed Edmund
  4801 | D:5      | Killed Edmund
  4801 | D:5      | Reached skill level 10 in Long Blades
  4829 | D:5      | Reached * piety under Hepliaklqana
  4884 | D:5      | Noticed Blork the orc
  4895 | D:5      | Killed Blork the orc
  5516 | D:6      | Reached ** piety under Hepliaklqana
  5530 | D:6      | Found a shattered altar of Ashenzari.
  5830 | D:6      | Reached XP level 9. HP: 30/48 MP: 8/13
  6034 | D:6      | Reached skill level 5 in Dodging
  6115 | D:6      | Noticed Grinder
  6125 | D:6      | Killed Grinder
  6125 | D:6      | Reached skill level 11 in Long Blades
  6394 | D:6      | Shot with an arrow by a centaur

Vault maps used:
D:1:      lightli_arrival_chessboard
D:2:      grunt_temple_overflow_open, first_bread
D:3:      cheibriados_altar_wand_db, tgw_kikubaaqudgha
D:4:      tso_metal_star
D:5:      nemelex_xobeh_ov_fountains_minmay, uniq_edmund, uniq_menkaure,
          uniq_blork_the_orc
D:6:      kennysheep_small_spiral, evilmike_ruin_ashenzari, uniq_grinder
Temple:   dpeg_chambers_temple

Skill      XL: |  1  2  3  4  5  6  7  8  9 |
---------------+----------------------------+-----
Long Blades    | 3 4 5 6 8 9 10 11 | 11.3
Charms         | 4 5 6 7 8 |  8.8
Dodging        | 2 4 5 |  5.4
Fighting       | |  2.0
Armour         | |  0.8
Spellcasting   | |  2.4

Action                   |  1- 3 |  4- 6 |  7- 9 || total
-------------------------+-------+-------+-------++-------
Melee: Falchion          |   144 |    24 |       ||   168
       Short sword       |       |   108 |    91 ||   199
       Scimitar          |       |       |   114 ||   114
 Cast: Infusion          |     3 |    13 |    13 ||    29
       Shroud of Golubri |       |     5 |     8 ||    13
       Song of Slaying   |       |       |     1 ||     1
Evoke: Wand              |       |       |     2 ||     2
  Use: Potion            |       |     2 |       ||     2
 Stab: Distracted        |       |       |     1 ||     1
       Sleeping          |       |       |     1 ||     1
  Eat: Chunk             |     3 |     4 |     8 ||    15
       Royal jelly       |       |     1 |       ||     1
       Beef jerky        |       |     1 |       ||     1
Armor: Leather armour    |    36 |    31 |    28 ||    95
Dodge: Dodged            |    79 |    65 |   118 ||   262
